 Dungeon Crawl Stone Soup version 0.31.0-11-ge490571c62 (webtiles) character file.

Game seed: 12903317241832935995

68992 bearlyready the Metamorph (level 15, 0/107 HPs)
             Began as an Octopode Shapeshifter on Feb 8, 2024.
             Was an Initiate of Gozag.
             Slain by a blink frog (9 damage)
             ... while petrified by a basilisk
             ... on level 1 of the Lair of Beasts.
             The game lasted 00:21:17 (16841 turns).

bearlyready the Metamorph (Octopode Shapeshifter)  Turns: 16841, Time: 00:21:17

Health: 0/107      AC:  1    Str: 21    XL:     15   Next: 28%
Magic:  15/15      EV:  2    Int: 12    God:    Gozag
Gold:   4014       SH:  0    Dex: 12    Spells: 14/14 levels left

rFire   . .          .
                       - Unarmed
rCold   . . .        (shield currently unavailable)
rNeg    + + +        (helmet restricted)
rPois   ∞            o - amulet of reflection
rElec   .            e - +5 ring of evasion
rCorr   .            Z - ring of see invisible
SInv    +            E - ring of willpower
Will    +....        (no ring)
Stlth   ++           (no ring)
HPRegen 0.37/turn    (no ring)
MPRegen 0.14/turn    (no ring)
                     (no ring)

%: reflection
@: blade tentacles, petrified, weak-willed, gold aura
A: almost no armour, amphibious, 8 rings, camouflage 1, gelatinous body 1,
(nimble swimmer 1), tentacles
a: Begin Untransformation, Renounce Religion, Potion Petition, Call Merchant,
Bribe Branch


You were on level 1 of the Lair of Beasts.
You worshipped Gozag.
Gozag was most pleased with you.
You had blades for main tentacles.
You visited 3 branches of the dungeon, and saw 15 of its levels.
You visited the Abyss 1 time.
You also visited: Sewer and Bailey.

You collected 4066 gold pieces.
You paid 52 gold pieces to Gozag.

Inventory:

Missiles
 a - 9 curare-tipped darts
 f - 131 stones
 h - 31 poisoned darts (quivered)
 v - 41 boomerangs
 G - 3 javelins
 I - a throwing net
 N - 2 atropa-tipped darts
Armour
 F - a +0 buckler
 K - a +0 kite shield
 R - a +1 hat
Jewellery
 e - a +5 ring of evasion (left blade tentacle)
 o - an amulet of reflection (around mantle)
 E - a ring of willpower (on tentacle)
 V - a ring of fire
 W - the amulet of Cosh {RegenMP Fly}
   (You found it on level 4 of the Dungeon)

   [amulet of magic regeneration]

   RegenMP:   It increases your rate of magic regeneration.
   Fly:       It grants you flight.
 Z - a ring of see invisible (right blade tentacle)
Talismans
 b - a beast talisman
 c - a flux talisman
 k - a blade talisman (active)
 D - a serpent talisman
 L - a blade talisman (active)
Wands
 l - a wand of acid (7)
 x - a wand of roots (6)
 y - a wand of paralysis (4)
 z - a wand of mindburst (7)
 B - a wand of polymorph (2)
 M - a wand of flame (19)
 X - a wand of digging (13)
Scrolls
 g - 7 scrolls of teleportation
 j - 2 scrolls of fear
 u - 2 scrolls of blinking
 w - 2 scrolls of immolation
 A - 2 scrolls of amnesia
 C - a scroll of revelation
 H - a scroll of fog
 S - 2 scrolls of noise
 Y - a scroll of vulnerability
Potions
 d - 3 potions of degeneration
 i - 3 potions of mutation
 m - a potion of might {unknown}
 n - 2 potions of cancellation {unknown}
 p - 5 potions of curing {unknown}
 q - 2 potions of attraction {unknown}
 r - a potion of haste
 s - a potion of invisibility {unknown}
 t - 7 potions of heal wounds {unknown}
 J - a potion of resistance {unknown}
 O - a potion of berserk rage {unknown}
 P - a potion of lignification
 T - 2 potions of brilliance {unknown}
 U - 2 potions of enlightenment {unknown}
Miscellaneous
 Q - a lightning rod (4/4)


   Skills:
 + Level 11.2 Fighting
 + Level 4.8 Dodging
 + Level 11.7 Unarmed Combat
 - Level 8.0 Evocations
 - Level 16.0 Shapeshifting


You had 14 spell levels left.
You didn't know any spells.
Your spell library contained the following spells:

 Spells                   Type           Power      Damage    Failure   Level
 Freeze                   Ice            0%         1d3       32%         1
 Ensorcelled Hibernation  Hex/Ice        0%         N/A       45%         2
 Static Discharge         Conj/Air       0%         3-3/arc   45%         2
 Dazzling Flash           Conj/Hex       0%         N/A       69%         3
 Frozen Ramparts          Ice            0%         1d1       69%         3
 Fugue of the Fallen      Necr           0%         N/A       69%         3
 Hailstorm                Conj/Ice       0%         3d5       69%         3
 Inner Flame              Hex/Fire       0%         N/A       69%         3
 Mephitic Cloud           Conj/Alch/Air  0%         N/A       69%         3
 Stone Arrow              Conj/Erth      0%         3d7       69%         3
 Airstrike                Air            0%         2d(0-16)  97%         4
 Anguish                  Hex/Necr       0%         N/A       97%         4
 Leda's Liquefaction      Alch/Erth      0%         N/A       97%         4
 Petrify                  Alch/Erth      0%         N/A       97%         4
 Summon Lightning Spire   Summ/Air       0%         N/A       97%         4
 Curse of Agony           Necr           0%         N/A       100%        5
 Irradiate                Conj/Alch      0%         3d11      100%        5
 Lee's Rapid Deconstruct  Erth           0%         3d4*      100%        5
 Metabolic Englaciation   Hex/Ice        0%         N/A       100%        5
 Silence                  Hex/Air        0%         N/A       100%        5
 Ignition                 Fire           0%         3d3       100%        8
 Lehudib's Crystal Spear  Conj/Erth      0%         10d2      100%        8
 Animate Armour           Summ/Erth      Unusable   N/A       N/A         4

Dungeon Overview and Level Annotations

Branches:
Dungeon (13/15)            Temple (1/1) D:4            Lair (1/5) D:8
    Orc (0/2) D:12          Sewer (visited)          Bailey (visited)
 Vaults: D:13-14

Altars:
Ashenzari
Cheibriados
Dithmenos
Elyvilon
Fedhas
Gozag
Hepliaklqana
Kikubaaqudgha
Makhleb
Nemelex Xobeh
Okawaru
Qazlal
Ru
Sif Muna
Trog
Uskayaw
Vehumet
Wu Jian
Xom
Yredelemnul
Zin
The Shining One

Shops:
D:7 (:


Innate Abilities, Weirdness & Mutations

You have blades for main tentacles.
You are immune to poison.
You are incapable of wielding weapons or throwing items.
You cannot wear most types of armour.
You are amphibious.
You can wear up to eight rings at the same time.
Your skin changes colour to match your surroundings (Stealth+).
Your rubbery body absorbs attacks. (AC +1, EV +1)
((You are camouflaged when in or above water. (Stealth+)))
You have tentacles for arms and can constrict up to eight enemies at once.


Message History

The bullfrog is distracted by your dazzling golden aura.
The komodo dragon bites you!! The basilisk gazes at you.
Your limbs have turned to stone.
The bullfrog gives a loud, deep croak!
You have turned to stone.
The bullfrog is no longer distracted by gold.
The bullfrog hits you! The komodo dragon bites you. The bullfrog hits you!
The basilisk bites you! The bullfrog hits you! The komodo dragon bites you.
The basilisk bites you.
Your surroundings suddenly seem different. 4 blink frogs come into view.
The blink frog croaks.
The blink frog gives a loud, deep croak!
The blink frog croaks.
You hear a bellow! x2
The blink frog blinks! x2; The blink frog moves out of view.
The blink frog gives a loud, deep croak!
The blink frog hits you!
* * * LOW HITPOINT WARNING * * *
The blink frog blinks!
The blink frog hits you.
* * * LOW HITPOINT WARNING * * *
The blink frog blinks!
A yak comes into view.
The blink frog hits you.
* * * LOW HITPOINT WARNING * * *
The blink frog blinks!
The blink frog is distracted by your dazzling golden aura.
The blink frog hits you!!
* * * LOW HITPOINT WARNING * * *
The blink frog croaks.
You hear a bellow!
The blink frog barely misses you.
A yak comes into view.
The yak bellows!
The blink frog hits you!!
* * * LOW HITPOINT WARNING * * *
A yak comes into view.
The blink frog hits you!!
You die...
Your body crumbles into a pile of gold.

........
#.Y.. ..
........
#... . .
........
.Y.. Y#.#
.
#..#.....
.
...#.....
#
#F...F...
#F.......
#@.......
#..F.....
#..#.....
#... .P.#
#.... ...
#..... ..
#...... .
#.......


You could see 3 yaks and 4 blink frogs.

Vanquished Creatures
  Gastronok (D:11)
  An orc warlord (Bailey)
  Snorg (D:12)
  A hydra (D:7)
  2 centaur warriors (D:13)
  2 boulder beetles (D:13)
  2 two-headed ogres
  Sonja (D:11)
  An orc knight (Bailey)
  3 deep elf pyromancers
  Maurice (D:10)
  2 ugly things
  3 cyclopes
  A cane toad (Lair:1)
  A gargoyle (D:7)
  Maggie (D:7)
  Jeremiah (D:7)
  A rime drake (Lair:1)
  An unseen horror (D:12)
  A freezing wraith (D:7)
  8 trolls
  Grinder (D:6)
  Prince Ribbit (D:6)
  5 blink frogs
  5 slime creatures (D:12)
  2 wyverns (D:7)
  A shadow (D:7)
  A spriggan (D:8)
  4 wraiths
  6 yaks (D:11)
  4 steam dragons
  8 vampire mosquitoes
  Menkaure (D:6)
  5 acid dragons
  4 water moccasins
  13 orc warriors
  2 ice beasts
  2 sky beasts (D:7)
  5 ogres
  4 centaurs
  3 kobold brigands
  10 bullfrogs
  2 scorpions (D:7)
  17 wights
  10 killer bees
  5 howler monkeys
  2 electric eels
  2 bombardier beetles
  4 hounds
  2 gnoll boudas
  7 orc priests
  3 iron imps (D:9)
  A sleepcap (D:8)
  Jessica (D:3)
  5 iguanas
  9 orc wizards
  10 gnolls
  12 adders
  2 river rats
  3 shadow imps (D:7)
  A white imp (D:7)
  A ribbon worm (D:4)
  3 dart slugs
  54 orcs
  4 bats
  8 endoplasms
  16 goblins
  6 hobgoblins
  12 jackals
  3 quokkas
  16 ball pythons
  5 frilled lizards
  19 kobolds
  16 rats
384 creatures vanquished.

Vanquished Creatures (others)
  A bombardier beetle (D:3)
  A kobold (D:11)
2 creatures vanquished.

Grand Total: 386 creatures vanquished

Notes
Turn   | Place    | Note
-------+----------+-------------------------------------------
     0 | D:1      | bearlyready the Octopode Shapeshifter began the quest for
                  | the Orb.
     0 | D:1      | Reached XP level 1. HP: 13/13 MP: 1/1
   209 | D:1      | Reached XP level 2. HP: 18/18 MP: 2/2
   539 | D:2      | Identified the +3 ring mail of the Eagle {Will++ Dex+3}
   716 | D:2      | Reached XP level 3. HP: 23/23 MP: 3/3
  1299 | D:3      | Reached XP level 4. HP: 21/28 MP: 4/4
  1365 | D:3      | Reached skill level 4 in Shapeshifting
  1368 | D:3      | Found a glowing drain.
  1384 | Sewer    | Entered a sewer
  1410 | Sewer    | Reached XP level 5. HP: 32/33 MP: 5/5
  1701 | Sewer    | Reached skill level 5 in Unarmed Combat
  1701 | Sewer    | Reached XP level 6. HP: 28/38 MP: 6/6
  1707 | Sewer    | Reached skill level 5 in Shapeshifting
  2015 | D:3      | Noticed Jessica
  2022 | D:3      | Killed Jessica
  2414 | D:4      | Found a staircase to the Ecumenical Temple.
  2423 | Temple   | Entered the Ecumenical Temple
  2448 | Temple   | Became a worshipper of Gozag Ym Sagoz the Greedy
  2554 | D:4      | Reached XP level 7. HP: 37/43 MP: 7/7
  2751 | D:4      | Identified the amulet of Cosh {RegenMP Fly}
  2878 | D:4      | Found a stormy altar of Qazlal.
  3412 | D:5      | Entered Level 5 of the Dungeon
  3456 | D:5      | Reached skill level 6 in Shapeshifting
  3966 | D:5      | Reached skill level 1 in Evocations
  3966 | D:5      | Reached XP level 8. HP: 48/48 MP: 8/8
  4165 | D:6      | Noticed Prince Ribbit
  4171 | D:6      | Killed Prince Ribbit
  4193 | D:6      | Noticed Grinder
  4335 | D:7      | Found Biosecop's Weapon Emporium.
  4380 | D:7      | Reached skill level 7 in Shapeshifting
  4719 | D:7      | Reached skill level 8 in Shapeshifting
  4887 | D:7      | Noticed Maggie
  4908 | D:7      | Noticed a deep elf pyromancer
  4908 | D:7      | Noticed a freezing wraith
  4941 | D:6      | Reached XP level 9. HP: 22/53 MP: 9/9
  5137 | D:6      | Killed Grinder
  5138 | D:6      | Reached skill level 9 in Shapeshifting
  5232 | D:6      | Noticed Menkaure
  5238 | D:6      | Killed Menkaure
  5383 | D:6      | Reached skill level 10 in Shapeshifting
  6167 | D:7      | Noticed a five-headed hydra
  6184 | D:7      | Killed a five-headed hydra
  6185 | D:7      | Reached skill level 11 in Shapeshifting
  6185 | D:7      | Reached XP level 10. HP: 63/63 MP: 10/10
  6242 | D:7      | Found Buethir's Book Shop.
  6279 | D:7      | Noticed Jeremiah
  6330 | D:7      | Killed Jeremiah
  6693 | D:7      | Killed a deep elf pyromancer
  6726 | D:7      | Reached skill level 5 in Fighting
  6818 | D:7      | Noticed a purple ugly thing
  6831 | D:7      | Killed a purple ugly thing
  6962 | D:7      | Noticed a cyclops
  6979 | D:7      | Killed a cyclops
  6980 | D:7      | Reached skill level 12 in Shapeshifting
  6992 | D:7      | Noticed a gargoyle
  7108 | D:7      | Reached skill level 5 in Evocations
  7112 | D:7      | Killed a gargoyle
  7188 | D:7      | Noticed a cyclops
  7202 | D:7      | Killed a cyclops
  7203 | D:7      | Reached XP level 11. HP: 69/74 MP: 11/11
  7345 | D:7      | Killed Maggie
  7926 | D:8      | Found a staircase to the Lair.
  7961 | D:8      | Noticed a two-headed ogre
  7979 | D:8      | Killed a two-headed ogre
  8166 | D:8      | Found a sparkling altar of Nemelex Xobeh.
  8404 | D:8      | Identified the +2 dagger of Veajoebu {pain, rF+ rN+++ Int-5
                  | Dex+3}
  8964 | D:9      | Identified a scroll of acquirement
  8965 | D:9      | Acquired 1006 gold pieces
  9165 | D:9      | Found a flagged portal.
  9186 | Bailey   | Entered a bailey
  9220 | Bailey   | Noticed an orc warlord
  9246 | Bailey   | Noticed an orc knight
  9256 | Bailey   | Killed an orc knight
  9426 | Bailey   | Found a runed translucent gate.
  9426 | Bailey   | Found a runed translucent gate.
  9426 | Bailey   | Found a runed translucent gate.
  9578 | Bailey   | Reached skill level 13 in Shapeshifting
  9578 | Bailey   | Reached XP level 12. HP: 85/85 MP: 12/12
  9579 | Bailey   | Reached skill level 10 in Fighting
  9579 | Bailey   | Reached skill level 10 in Unarmed Combat
  9579 | Bailey   | Reached skill level 14 in Shapeshifting
  9579 | Bailey   | Reached XP level 13. HP: 93/93 MP: 13/13
  9624 | Bailey   | Killed an orc warlord
  9655 | Bailey   | Reached skill level 15 in Shapeshifting
  9655 | Bailey   | Reached XP level 14. HP: 99/99 MP: 14/14
 10312 | D:9      | Found a burning altar of Makhleb.
 10612 | D:10     | Entered Level 10 of the Dungeon
 10903 | D:10     | Found a shadowy altar of Dithmenos.
 10917 | D:10     | Found a broken altar of Ashenzari.
 10919 | D:10     | Found an iron altar of Okawaru.
 10921 | D:10     | Found a white marble altar of Elyvilon.
 11111 | D:10     | Identified the +8 short sword "Beetlebane" {spect, rN+
                  | rCorr Str+2 Int+3}
 11586 | D:10     | Noticed Maurice
 11589 | D:10     | Maurice stole the amulet of Cosh {RegenMP Fly}
 11593 | D:10     | Killed Maurice
 11876 | D:11     | Noticed Sonja
 11888 | Abyss:1  | Cast into level 1 of the Abyss (Sonja)
 12037 | D:11     | Escaped the Abyss
 12039 | D:11     | Killed Sonja
 12231 | D:11     | Noticed Gastronok
 12242 | D:11     | Killed Gastronok
 12587 | D:11     | Identified the +11 shortbow "Zixeseul" {drain, Fly Str+4
                  | SInv}
 13031 | D:12     | Found a staircase to the Orcish Mines.
 13494 | D:12     | Reached XP level 15. HP: 96/106 MP: 15/15
 14048 | D:12     | Noticed Snorg
 14058 | D:12     | Killed Snorg
 14834 | D:13     | Reached skill level 16 in Shapeshifting
 16287 | Lair:1   | Entered Level 1 of the Lair of Beasts
 16841 | Lair:1   | Slain by a blink frog

Illustrated notes

Levels and vault maps discovered:
D:1:      giann_bridges, layout_basic, minmay_misc_feat_chi
D:2:      layout_basic
D:3:      layout_basic, portal_sewer_entry_a, uniq_jessica
D:4:      layout_basic, mainiacjoe_overflow_six_doors_small,
          minmay_temple_entry_butterflies, minivault_1,
          minmay_increasing_density
D:5:      layout_loops_cross, chequers_serial_rivers_room_b,
          nicolae_figureground_sparkle
D:6:      layout_loops_ring, uniq_grinder, uniq_menkaure, uniq_prince_ribbit1
D:7:      nzn_winding_woodlands_stair_cross
          [nzn_winding_woodlands_5x15_lazy_stream,
          nzn_winding_woodlands_center_triple_pond,
          nzn_winding_woodlands_5x15_river_crossing,
          nzn_winding_woodlands_5x5_open_star,
          nzn_winding_woodlands_5x5_closed_star,
          nzn_winding_woodlands_5x15_pockets,
          nzn_winding_woodlands_center_garden, nzn_winding_woodlands_5x15_pool],
          layout_gridville, serial_shops, shop, shop, uniq_jeremiah, uniq_maggie
D:8:      layout_basic, mainiacjoe_overflow_paths, lair_entry_dummy, the_hattery
D:9:      layout_roguey, demons_altar, enter_bailey_3
D:10:     layout_basic, minitemple, serial_aquarium, aquarium_bridge_straight
          [aquarium_subvault_bridge, aquarium_subvault_wall,
          aquarium_subvault_bridge, aquarium_subvault_window],
          aquarium_window_corridor_2, aquarium_window_2, aquarium_window_1,
          aquarium_window_fake, aquarium_view_2b, minivault_4, uniq_maurice
D:11:     layout_loops_ring, uniq_gastronok, uniq_sonja
D:12:     layout_stronghold, minmay_orc_entry_temple_small, uniq_snorg
D:13:     layout_cave_pods
Temple:   regret_index_temple_generic_petals
Lair:1:   layout_regular_city, infiniplex_staircase_pool

Skill      XL: |  1  2  3  4  5  6  7  8  9 10 11 12 13 14 15 |
---------------+----------------------------------------------+-----
Unarmed Combat | 4 5 6 9 10 11 | 11.7
Shapeshifting  | 4 5 6 8 11 12 13 14 15 16 | 16.0
Evocations     | 1 3 5 6 7 8 |  8.0
Fighting       | 3 6 9 10 11 | 11.2
Dodging        | 3 4 |  4.8

Action                     |  1- 3 |  4- 6 |  7- 9 | 10-12 | 13-15 || total
---------------------------+-------+-------+-------+-------+-------++-------
  Melee: Unarmed           |    54 |   107 |   193 |   288 |   307 ||   949
         Constrict         |    11 |    26 |    49 |    56 |    37 ||   179
         Tentacles         |     8 |    15 |    41 |       |    60 ||   124
         Punch             |     2 |     1 |     6 |       |    14 ||    23
  Throw: Dart              |       |       |     7 |       |       ||     7
Ability: Begin Untransform |       |       |     1 |       |     1 ||     2
  Evoke: Wand              |       |       |     6 |    12 |     6 ||    24
    Use: Scroll            |     3 |       |     8 |     5 |     5 ||    21
         Potion            |       |     1 |       |     2 |     3 ||     6
   Stab: Sleeping          |     7 |     3 |     2 |       |     3 ||    15
         Distracted        |       |       |     1 |     1 |     1 ||     3
         Paralysed         |       |       |    12 |    27 |     4 ||    43
 Armour: Skin              |     7 |    68 |    48 |   132 |   181 ||   436
  Dodge: Dodged            |    38 |    79 |    79 |   141 |   191 ||   528
  Block: Other             |       |    30 |    29 |    44 |    63 ||   166
         Reflection        |       |     1 |       |     4 |     2 ||     7
   Form: Serpent           |       |       |     1 |       |       ||     1
         Blade             |       |       |       |       |     1 ||     1
